 Dungeon Crawl Stone Soup version 0.21.1-1-g345015f (webtiles) character file.

30 JeffiDaFish the Firebug (level 3, -3/26 HPs)
             Began as a Draconian Fire Elementalist on Mar 3, 2018.
             Slain by Robin
             ... wielding a +0 whip
              (4 damage)
             ... on level 2 of the Dungeon.
             The game lasted 00:02:52 (1154 turns).

JeffiDaFish the Firebug (DrFE)                      Turns: 1154, Time: 00:02:53

Health: -3/26      AC:  5    Str: 10    XL:     3   Next: 5%
Magic:  0/6        EV: 12    Int: 16    God:
Gold:   36         SH:  2    Dex: 11    Spells: 3/6 levels left

rFire    . . .     SeeInvis .   e - +0 short sword
rCold    . . .     Gourm    .   (no shield)
rNeg     . . .     Faith    .   (armour unavailable)
rPois    .         Spirit   .   (helmet restricted)
rElec    .         Reflect  +   (no cloak)
rCorr    .         Harm     .   (no gloves)
MR       .....                  (no boots)
Stlth    +++.......             f - +2 amulet of reflection
HPRegen  0.08/turn              d - ring of stealth
MPRegen  0.10/turn              (no ring)

@: very slightly contaminated
A: unfitting armour, cold-blooded, AC +5
a: no special abilities


You were on level 2 of the Dungeon.
You were not hungry.

You visited 1 branch of the dungeon, and saw 2 of its levels.

You collected 36 gold pieces.

Inventory:

Hand Weapons
 c - a +2 spear of flaming
 e - a +0 short sword (weapon)
Jewellery
 d - a ring of stealth (left hand)
 f - a +2 amulet of reflection (around neck)
Scrolls
 g - 2 scrolls of amnesia
 h - a scroll of identify
Books
 a - a book of Flames

   Spells                             Type                      Level
   a - Flame Tongue                   Conjuration/Fire             1
   b - Throw Flame                    Conjuration/Fire             2
   c - Conjure Flame                  Conjuration/Fire             3
   d - Inner Flame                    Hexes/Fire                   3
   e - Sticky Flame                   Conjuration/Fire             4
   f - Fireball                       Conjuration/Fire             5
 i - a book of Minor Magic

   Spells                             Type                      Level
   a - Magic Dart                     Conjuration                  1
   b - Blink                          Translocation                2
   c - Call Imp                       Summoning                    2
   d - Slow                           Hexes                        2
   e - Conjure Flame                  Conjuration/Fire             3
   f - Mephitic Cloud                 Conjuration/Poison/Air       3
Comestibles
 b - 3 rations
 j - 2 chunks of flesh


   Skills:
 + Level 2.0 Dodging
 - Level 2.0 Stealth
 * Level 2.3 Spellcasting
 + Level 1.2 Conjurations
 * Level 3.6 Fire Magic


You had 3 spell levels left.
You knew the following spells:

 Your Spells              Type           Power        Failure   Level  Hunger
a - Flame Tongue          Conj/Fire      #....        8%          1    #......
b - Blink                 Tloc           N/A          30%         2    ###....


Dungeon Overview and Level Annotations

Branches:
Dungeon (2/15)

Altars:

Annotations:
D:2 Robin


Innate Abilities, Weirdness & Mutations

Your plain brown scales are hard. (AC +5)
You cannot fit into any form of body armour.
You are cold-blooded and may be slowed by cold attacks.


Message History

The flame tongue hits the goblin.
You kill the goblin!
The goblin hits you but does no damage.
Casting: Flame Tongue
Confirm with . or Enter, or press ? or * to list all spells.
Aiming: Flame Tongue
Press: ? - help, Shift-Dir - straight line, f - Robin
Aim: Robin, wielding a whip, wearing an animal skin and wearing a helmet The flame tongue hits Robin.
Robin appears unharmed.
The jackal barks!
You hear a bark!
Robin completely misses you. The goblin barely misses you.
Casting: Flame Tongue
Confirm with . or Enter, or press ? or * to list all spells.
You don't have enough magic to cast that spell.
Unknown command.
You hit Robin.
Robin is moderately wounded.
Robin closely misses you. The goblin hits you but does no damage.
Robin hits you with a whip.
You die...

#.......# #.#
######<. #...g...#
#.# #>......
#.......# #.#
#..#####
#.#g.g#####.####...#
##...hb.?....#......#
#..g...#####.#.##...#
#.###..## #.#.##.###
#. ##g######.#.##.# #
#hg@g......##.#
#.######.####.#
#..............#
..########........
### #########


You could see Robin, a jackal, 2 hobgoblins and a goblin.

Vanquished Creatures
  A worm (D:2)
  A ball python (D:1)
  A giant cockroach (D:1)
  6 goblins
  8 hobgoblins
  4 bats
  2 frilled lizards
  A rat (D:1)
24 creatures vanquished.

Notes
Turn   | Place    | Note
-------+----------+-------------------------------------------
     0 | D:1      | JeffiDaFish the Draconian Fire Elementalist began the quest for the Orb.
     0 | D:1      | Reached XP level 1. HP: 14/14 MP: 3/3
   464 | D:1      | Reached XP level 2. HP: 20/20 MP: 1/5
  1077 | D:2      | Learned a level 2 spell: Blink
  1113 | D:2      | Noticed Robin
  1151 | D:2      | Reached XP level 3. HP: 3/26 MP: 2/6
  1151 | D:2      | HP: 1/26 [goblin/dagger[Robin] (2)]
  1154 | D:2      | Slain by Robin

Skill      XL: |  1  2 |
---------------+-------+-----
Stealth        | 2 |  2.0
Dodging        | 2 |  2.0
Spellcasting   | |  2.3
Conjurations   | |  1.2
Fire Magic     | |  3.6

Action                   || total
-------------------------++-------
Melee: Short sword       ||    58
       Unarmed           ||     1
       Tailslap          ||     4
 Cast: Flame Tongue      ||    23
  Use: Potion            ||     3
       Scroll            ||     3
 Stab: Sleeping          ||     4
  Eat: Chunk             ||     1
Armor: Skin              ||    18
Dodge: Dodged            ||    49
Block: Other             ||     5
